 Dungeon Crawl Stone Soup version 0.20.1-1-g8b1a95d (webtiles) character file.

77 Peloso the Skirmisher (level 4, 17/35 HPs)
             Began as a Demonspawn Fighter on July 30, 2017.
             Quit the game on level 2 of the Dungeon.
             The game lasted 00:02:20 (1378 turns).

Peloso the Skirmisher (Demonspawn Fighter)          Turns: 1378, Time: 00:02:21

Health: 17/35      AC:  8    Str: 18    XL:     4   Next: 14%
Magic:  4/4        EV:  7    Int:  9    God:
Gold:   117        SH:  9    Dex: 12    Spells: 3/3 levels left

rFire    . . .     SeeInvis .   a - +0 long sword
rCold    . . .     Gourm    .   c - +0 shield
rNeg     . . .     Faith    .   b - +0 scale mail
rPois    .         Spirit   .   (no helmet)
rElec    .         Reflect  .   (no cloak)
rCorr    .         Harm     .   (no gloves)
MR       .....                  (no boots)
Stlth    ..........             (no amulet)
Regen    0.2/turn               (no ring)
MPRegen  0.1/turn               (no ring)

@: mildly poisoned (17 -> 13)
A: claws 2, thin metallic scales 1
a: no special abilities


You were on level 2 of the Dungeon.
You were hungry.

You visited 1 branch of the dungeon, and saw 2 of its levels.

You collected 117 gold pieces.

Inventory:

Hand Weapons
 a - a +0 long sword (weapon)
Armour
 b - a +0 scale mail (worn)
 c - a +0 shield (worn)
Jewellery
 e - an uncursed ring of stealth {unknown}
Scrolls
 i - 3 scrolls of identify {unknown}
 j - a scroll of amnesia {unknown}
 l - a scroll of fog {unknown}
Potions
 d - a potion of might
 k - a potion of invisibility
Comestibles
 f - a bread ration
 g - 3 meat rations
 h - 4 royal jellies


   Skills:
 + Level 3.4 Fighting
 + Level 2.6 Long Blades
 + Level 3.2 Armour
 + Level 0.3 Dodging
 + Level 3.2 Shields


You had 3 spell levels left.
You didn't know any spells.

Dungeon Overview and Level Annotations

Branches:
Dungeon (2/15)

Altars:


Innate Abilities, Weirdness & Mutations

You have very sharp fingernails.
You are partially covered in thin metallic scales. (AC +2)


Message History

You kill the adder!
You have reached level 4!
You feel stronger.
Your demonic ancestry asserts itself...
Your fingernails sharpen.
Unknown command.
You miss the adder.
The adder is almost dead.
You feel sick. You block the adder's attack. x2
You miss the adder.
The adder is almost dead.
You block the adder's attack. The adder bites you.
Your shield and scale mail prevent you from hitting the adder.
The adder is almost dead.
You feel sick. The adder bites you.
You are more poisoned.
The adder poisons you! You block the adder's attack.
You hit the adder.
You kill the adder!
You feel sick.
Are you sure you want to abandon this character and quit the game? (Confirm with "yes".)

............# #...[...#.......#..
......###...# #.......#.......#..
......###.### #.......#.......#..
........#..#####.....###..†..###.
........##.....##...## ##.†.## ##
........##>.##..##'#######'######
........###.#<............†......
####(...# #......................
#....# #.....@................
#....# #....###'#######'######
#....# #.#(.# ...# ##...##
...##.#.##.....###..÷..##
.......(#.......#.......#
...##.#.#....!..#.......#
...#.#...?...#...[...#
#.###.##.....###.....## #......##
##...##


There were no monsters in sight!

Vanquished Creatures
  4 adders (D:2)
  A worm (D:2)
  A dart slug (D:2)
  2 ball pythons (D:2)
  A giant cockroach (D:2)
  4 goblins (D:1)
  7 hobgoblins
  6 kobolds
  2 bats (D:2)
  2 frilled lizards (D:2)
  7 rats
37 creatures vanquished.

Notes
Turn   | Place    | Note
-------+----------+-------------------------------------------
     0 | D:1      | Peloso the Demonspawn Fighter began the quest for the Orb.
     0 | D:1      | Reached XP level 1. HP: 18/18 MP: 1/1
   242 | D:1      | Gained mutation: You have sharp fingernails. [demonic ancestry]
   242 | D:1      | Reached XP level 2. HP: 22/24 MP: 2/2
   801 | D:2      | Gained mutation: You are partially covered in thin metallic scales. (AC +2) [demonic ancestry]
   801 | D:2      | Reached XP level 3. HP: 7/29 MP: 3/3
  1371 | D:2      | Gained mutation: You have very sharp fingernails. [demonic ancestry]
  1371 | D:2      | Reached XP level 4. HP: 26/35 MP: 4/4
  1378 | D:2      | Quit the game

Skill      XL: |  1  2 |
---------------+-------+-----
Long Blades    | 2 |  2.6
Armour         | 3 |  3.2
Shields        | 3 |  3.2
Fighting       | |  3.4
Dodging        | |  0.3

Action                   |  1- 3 |  4- 6 || total
-------------------------+-------+-------++-------
Melee: Long sword        |   111 |     4 ||   115
  Use: Potion            |     1 |       ||     1
  Eat: Chunk             |     1 |       ||     1
Armor: Scale mail        |    77 |       ||    77
Dodge: Dodged            |    41 |       ||    41
Block: Shield            |    62 |     4 ||    66
       Rpst.: Long sword |    20 |       ||    20
